 Dungeon Crawl Stone Soup version 0.32-a0-933-ga8fa3634e4 (webtiles) character file.

Game seed: 10800814940331686917

212 kurowlyz the Grave Robber (level 5, -1/35 HPs)
             Began as a Mummy Necromancer on Apr 14, 2024.
             Was a Follower of Wu Jian.
             Slain by an iguana (7 damage)
             ... on level 5 of the Dungeon.
             The game lasted 00:13:05 (1073 turns).

kurowlyz the Grave Robber (Mummy Necromancer)       Turns: 1073, Time: 00:13:06

Health: -1/35      AC:  9    Str: 11    XL:     5   Next: 58%
Magic:  17/20      EV:  7    Int: 17    God:    Wu Jian [*.....]
Gold:   114        SH:  3    Dex: 12    Spells: 11/12 levels left

rFire   x . .        f - +0 spear
rCold   + . .        n - +0 buckler
rNeg    + + +        k - +0 scale mail
rPois   ∞            d - +2 helmet
rElec   .            (no cloak)
rCorr   .            (no gloves)
SInv    +            (no boots)
Will    .....        (no amulet) Stlth
                     m - ring of magical power
HPRegen 0.25/turn    o - ring of see invisible
MPRegen 0.17/turn

%: faith
@: no status effects
A: cold resistance 1, negative energy resistance 3, torment resistance 2, heat
vulnerability 1, in touch with death 1, no potions, faith
a: Renounce Religion


You were on level 5 of the Dungeon.
You worshipped Wu Jian.
Wu Jian was aware of your devotion.
You visited 1 branch of the dungeon, and saw 5 of its levels.

You collected 114 gold pieces.

Inventory:

Hand Weapons
 f - a +0 spear (weapon)
 g - a +0 short sword
 i - a +0 short sword
 j - a +0 short sword
 l - a +0 dagger
Missiles
 e - 17 stones
Armour
 a - a +0 robe
 b - a +0 ring mail
 d - a +2 helmet (worn)
 h - a +0 barding
 k - a +0 scale mail (worn)
 n - a +0 buckler (worn)
Jewellery
 m - a ring of magical power (left hand)
 o - a ring of see invisible (right hand)
Potions
 c - a potion of curing {unknown}


   Skills:
 + Level 0.1 Fighting
 + Level 0.6 Polearms
 + Level 1.1 Armour
 + Level 1.6 Dodging
 + Level 1.8 Stealth
 + Level 4.2 Spellcasting
 + Level 5.8 Necromancy


You had 11 spell levels left.
You knew the following spells:

 Your Spells              Type           Power      Damage    Failure   Level
a - Necrotise             Necr           100%       1d9       13%         1

Your spell library contained the following spells:

 Spells                   Type           Power      Damage    Failure   Level
 Vampiric Draining        Necr           34%        2d8       36%         3
 Animate Dead             Necr           34%        N/A       77%         4
 Curse of Agony           Necr           34%        N/A       98%         5


Dungeon Overview and Level Annotations

Branches:
Dungeon (5/15)
 Temple: D:4-7

Altars:
Wu Jian

Shops:
D:2 ?   D:4 :


Innate Abilities, Weirdness & Mutations

You are immune to poison.
Your flesh is cold resistant. (rC+)
You are immune to negative energy. (rN+++)
You are immune to unholy pain and torment.
You are vulnerable to heat. (rF-)
You are in touch with the powers of death.
You do not drink.
You have a special connection with the divine. (Faith)


Message History

The orc is lightly wounded.
The orc hits you but does no damage. The iguana attacks as it pursues you!
The iguana bites you but does no damage.
Found a rapier.
You spin and attack the iguana.
You hit the iguana but do no damage.
You spin and attack the orc.
You hit the orc.
The orc is heavily wounded.
The orc hits you but does no damage.
You spin and attack the orc.
You barely miss the orc.
Found a granite talisman.
Found a stone staircase leading up.
You spin and attack the orc.
You hit the orc.
The orc is heavily wounded.
The orc hits you with a +0 flail.
You spin and attack the iguana.
You hit the iguana.
The iguana is lightly wounded.
The iguana bites you!
* * * LOW HITPOINT WARNING * * *
You spin and attack the orc.
You hit the orc but do no damage.
The orc is heavily wounded.
You block the orc's attack. The iguana attacks as it pursues you!
The iguana bites you.
* * * LOW HITPOINT WARNING * * *
The orc attacks as it pursues you! The orc closely misses you.
The iguana attacks as it pursues you! The iguana barely misses you.
You spin and attack the iguana.
You barely miss the iguana.
The iguana is lightly wounded.
You spin and attack the orc.
You hit the orc.
You kill the orc!
The Council accepts your kill.
The iguana bites you but does no damage.
The iguana attacks as it pursues you! You block the iguana's attack.
The orc attacks as it pursues you! The orc hits you with a +0 flail.
* * * LOW HITPOINT WARNING * * *
Aiming: Necrotise (safe; 13% risk of failure)
Press: ? - help, Q - select action, (/) - cycle Shift-Dir - straight line, f - iguana
Aim: an iguana (lightly wounded, chance to affect: 88%)
You feel a surge of power!
The iguana writhes in agony.
The iguana bites you!
You die...

#.# .......................# #.#
....... ..............# #.#
..#..#####...........#.#
#....#..........######.#
#....#..........#.......
#.......................
###########..##..................
.............#................#
........)..)..ol@.......#.....#
.####...###.##...#....###.....#
.....%#..........#....###....#...
......#..........#...........# ..
<.....#......................# .
..... #......)...............#
..... #...#.##...).....##.)..#'
.... #...#.###.......[###.......
.......# #........# .......


You could see an iguana and an orc.

Vanquished Creatures
  A scorpion (D:4)
  An orc priest (D:5)
  Terence (D:2)
  2 adders
  4 orcs
  3 ball pythons
  A bat (D:2)
  An endoplasm (D:3)
  A hobgoblin (D:1)
  A quokka (D:1)
  A frilled lizard (D:2)
  2 kobolds
19 creatures vanquished.

Vanquished Creatures (collateral kills)
  A scorpion (D:4)
  A ball python (D:1)
  A rat (D:2)
3 creatures vanquished.

Grand Total: 22 creatures vanquished

Notes
Turn   | Place    | Note
-------+----------+-------------------------------------------
     0 | D:1      | kurowlyz the Mummy Necromancer began the quest for the Orb.
     0 | D:1      | Reached XP level 1. HP: 13/13 MP: 4/4
     3 | D:1      | Noticed an electric eel
    20 | D:1      | Noticed an electric eel
   272 | D:1      | Found a faded altar of an unknown god.
   284 | D:1      | Prayed at the altar of an unknown god.
   284 | D:1      | Became a worshipper of the Wu Jian Council
   284 | D:1      | Reached * piety under Wu Jian
   457 | D:2      | Reached XP level 2. HP: 19/19 MP: 2/5
   493 | D:2      | Noticed Terence
   501 | D:2      | Killed Terence
   502 | D:2      | Reached XP level 3. HP: 22/24 MP: 0/7
   699 | D:2      | Found Roryrafi's Magic Scroll Shop.
   808 | D:4      | Noticed a scorpion
   814 | D:4      | Killed a scorpion
   815 | D:4      | Reached skill level 5 in Necromancy
   815 | D:4      | Reached XP level 4. HP: 18/30 MP: 9/9
   821 | D:4      | Noticed a scorpion
   827 | D:4      | Killed a scorpion
   828 | D:4      | Reached skill level 1 in Armour
   828 | D:4      | Reached XP level 5. HP: 25/35 MP: 10/10
   888 | D:4      | Found Kenuazi's Book Shop.
   977 | D:5      | Entered Level 5 of the Dungeon
  1073 | D:5      | Slain by an iguana

Illustrated notes

Levels and vault maps discovered:
D:1:      arrival_aquarium_b, layout_loops_cross,
          hellmonk_ecumenical_altar_zigzags, chequers_decorated_corner
D:2:      layout_basic, serial_shops, nicolae_shop_window_shopping,
          minmay_rat_gold_closets, uniq_jessica, uniq_terence
D:3:      layout_rooms, grunt_temple_overflow_forces_of_nature
D:4:      layout_gridville, kennysheep_mini_moat, serial_shops, shop,
          uniq_crazy_yiuf_cottage
D:5:      layout_basic, uniq_pikel, uniq_grinder

Skill      XL: |  1  2  3  4  5 |
---------------+----------------+-----
Spellcasting   | 3 4 |  4.2
Necromancy     | 5 |  5.8
Armour         | 1 |  1.1
Fighting       | |  0.1
Polearms       | |  0.6
Dodging        | |  1.6
Stealth        | |  1.8

Action                     |  1- 3 |  4- 6 || total
---------------------------+-------+-------++-------
  Melee: Unarmed           |     1 |       ||     1
         Spear             |    18 |    26 ||    44
   Cast: Necrotise         |    18 |    15 ||    33
Ability: Lunge             |     1 |       ||     1
         Whirlwind         |       |    12 ||    12
    Use: Scroll            |     1 |       ||     1
 Armour: Ring mail         |     8 |       ||     8
         Scale mail        |     9 |    28 ||    37
  Dodge: Dodged            |    11 |    11 ||    22
  Block: Buckler           |       |     8 ||     8

Table legend: (Time is in decaauts)
 A = Elapsed time spent in this place.
 B = Non-inter-level travel time spent in this place.
 C = Inter-level travel time spent in this place.
 D = Time resting spent in this place.
 E = Time spent auto-exploring this place.
 F = Levels seen in this place.
 G = Mean time per level.
                   A        B        C        D        E       F      G
               +--------+--------+--------+--------+--------+-----+--------+
         Total |   1074 |   1074 |      0 |    100 |      0 |   5 |  214.8 |
       Dungeon |   1074 |   1074 |      0 |    100 |      0 |   5 |  214.8 |
               +--------+--------+--------+--------+--------+-----+--------+

Top non-repeatable levels by time:
     D:2: 411 daAuts
     D:1: 341 daAuts
     D:4: 170 daAuts
     D:5: 95 daAuts
     D:3: 55 daAuts
